 Dungeon Crawl Stone Soup version 0.19.0-2-gae57169 (webtiles) character file.

996 saintsgambit the Slasher (level 7, -9/61 HPs)
             Began as a Minotaur Fighter on Nov 2, 2016.
             Was a Believer of the Shining One.
             Killed by divine providence
             ... invoked by an orc priest
              (14 damage)
             ... on level 6 of the Dungeon.
             The game lasted 00:10:26 (3896 turns).

saintsgambit the Slasher (Minotaur Fighter)         Turns: 3896, Time: 00:10:28

Health: -9/61      AC:  8    Str: 22    XL:     7   Next: 99%
Magic:  6/6        EV:  9    Int:  5    God:    the Shining One [**....]
Gold:   232        SH: 10    Dex: 10    Spells: 0 memorised, 6 levels left

rFire  . . .     SeeInvis .     a - +0 long sword
rCold  . . .     Gourm    .     b - +0 scale mail
rNeg   + . .     Faith    .     c - +0 shield
rPois  .         Spirit   .     (helmet restricted)
rElec  .         Reflect  .     g - +0 cloak
rCorr  .         Harm     .     (no gloves)
MR     .....                    (no boots)
Stlth  ..........               (no amulet)
                                (no ring)
                                (no ring)

@: lethally poisoned (-9 -> -17), glowing
A: retaliatory headbutt, horns 2
a: Divine Shield, Renounce Religion


You were on level 6 of the Dungeon.
You worshipped the Shining One.
The Shining One was pleased with you.
You were not hungry.

You visited 1 branch of the dungeon, and saw 6 of its levels.

You collected 232 gold pieces.

Inventory:

Hand Weapons
 a - a +0 long sword (weapon)
 i - a +2 hunting sling of velocity
Missiles
 j - 3 tomahawks of returning (quivered)
Armour
 b - a +0 scale mail (worn)
 c - a +0 shield (worn)
 g - a +0 cloak (worn)
 q - a +0 plate armour
Jewellery
 n - a +4 ring of evasion {unknown}
Wands
 v - a wand of lightning (11/15)
Scrolls
 h - 2 scrolls of immolation {unknown}
 l - a scroll of amnesia {unknown}
 m - 2 scrolls of remove curse {unknown}
 p - 2 scrolls of identify {unknown}
 r - a scroll of magic mapping {unknown}
 s - 3 scrolls of fog {unknown}
 t - a scroll of teleportation
 w - a scroll of enchant armour {unknown}
Potions
 d - a potion of might
 e - a potion of resistance {unknown}
 o - 2 potions of heal wounds
 x - a potion of haste {unknown}
 z - a potion of cancellation {unknown}
Books
 u - a book of Geomancy

   Spells                             Type                      Level
   a - Sandblast                      Earth                        1
   b - Passwall                       Transmutation/Earth          2
   c - Stone Arrow                    Conjuration/Earth            3
   d - Petrify                        Transmutation/Earth          4
   e - Lee's Rapid Deconstruction     Earth                        5
Comestibles
 f - 3 bread rations
 k - 4 meat rations


   Skills:
 + Level 5.0 Fighting
 + Level 7.4 Long Blades
 + Level 0.2 Throwing
 + Level 6.0 Armour
 + Level 2.5 Dodging
 + Level 0.6 Stealth
 + Level 6.0 Shields


You had 6 spell levels left.
You didn't know any spells.

Dungeon Overview and Level Annotations

Branches:
Dungeon (6/15)
 Temple: D:4-7

Altars:
Ashenzari
Fedhas
Qazlal
Ru
The Shining One


Innate Abilities, Weirdness & Mutations

You reflexively headbutt those who attack you in melee.
You have a pair of horns on your head.


Message History

The orc priest hits you with a hand axe of venom.
The orc closely misses you. You furiously retaliate!
You headbutt the orc.
You riposte.
You slash the orc!
You kill the orc!
The orc warrior hits you with a mace!
* * * LOW HITPOINT WARNING * * *
You hit the orc warrior but do no damage.
The orc warrior is heavily wounded.
The orc priest hits you with a hand axe of venom.
* * * LOW HITPOINT WARNING * * *
You are lethally poisoned!
You block the orc warrior's attack.
You hit the orc priest.
You headbutt the orc priest, but do no damage.
The orc priest is almost dead.
* * * LOW HITPOINT WARNING * * *
You feel sick.
The orc priest calls down the wrath of Beogh upon you.
Beogh smites you!
You die...

....##........#
#### ##...##..#
#....#..#
#.......#
##.....^.#
#........#
###..........
#.#....###.....
#...%@.# #..##
#.#.o)o# ..# ..
##(..# .# .#
#...# #....
#....# #.....
#..####


You could see an orc warrior and an orc priest.

Vanquished Creatures
  An ice beast (D:5)
  A phantom (D:4)
  An ogre (D:4)
  2 centaurs (D:5)
  A howler monkey (D:5)
  The ghost of ythm the Skirmisher, a weakling VSBe of Trog (D:4)
  2 orc priests (D:5)
  4 orc wizards
  2 centaur skeletons
  An iguana (D:5)
  A worker ant (D:4)
  A hound zombie (D:5)
  2 hound skeletons (D:4)
  3 adders
  A shadow imp (D:5)
  3 oozes
  An adder zombie (D:5)
  5 worms
  3 dart slugs
  6 leopard geckos
  22 orcs
  5 giant cockroaches
  6 goblins
  6 hobgoblins
  4 jackals (D:3)
  4 kobolds
  3 quokkas
  3 ball pythons
  6 bats
  2 frilled lizards
  A quokka zombie (D:5)
  5 rats
109 creatures vanquished.

Notes
Turn   | Place    | Note
-------+----------+-------------------------------------------
     0 | D:1      | saintsgambit the Minotaur Fighter began the quest for the Orb.
     0 | D:1      | Reached XP level 1. HP: 19/19 MP: 0/0
   226 | D:1      | Reached XP level 2. HP: 26/27 MP: 1/1
   674 | D:2      | Reached XP level 3. HP: 33/33 MP: 2/2
   680 | D:2      | Found a stormy altar of Qazlal.
   732 | D:2      | Found a glowing golden altar of the Shining One.
   766 | D:2      | Became a worshipper of the Shining One
   827 | D:2      | Reached skill level 1 in Dodging
   928 | D:2      | Reached skill level 3 in Long Blades
  1228 | D:3      | Reached XP level 4. HP: 35/40 MP: 3/3
  1306 | D:3      | Found a faded altar of an unknown god.
  1306 | D:3      | Found a faded altar of an unknown god.
  1312 | D:3      | Found a sacrificial altar of Ru.
  1315 | D:3      | Found a shattered altar of Ashenzari.
  1316 | D:3      | Found a faded altar of an unknown god.
  1474 | D:3      | Reached XP level 5. HP: 9/46 MP: 4/4
  1599 | D:3      | Reached skill level 4 in Long Blades
  2122 | D:3      | Found a blossoming altar of Fedhas.
  2399 | D:4      | Noticed a phantom
  2415 | D:4      | Killed a phantom
  2415 | D:4      | Reached skill level 5 in Armour
  2415 | D:4      | Reached skill level 5 in Shields
  2415 | D:4      | Reached XP level 6. HP: 41/52 MP: 5/5
  2505 | D:4      | Reached * piety under the Shining One
  2510 | D:4      | Reached skill level 5 in Long Blades
  2855 | D:4      | Noticed ythm's ghost (weakling VSBe)
  2862 | D:4      | Killed ythm's ghost
  3141 | D:5      | Entered Level 5 of the Dungeon
  3189 | D:5      | Reached XP level 7. HP: 57/60 MP: 6/6
  3314 | D:5      | Reached skill level 6 in Long Blades
  3592 | D:5      | Reached skill level 5 in Fighting
  3592 | D:5      | Reached skill level 7 in Long Blades
  3750 | D:5      | Reached ** piety under the Shining One
  3896 | D:6      | Killed from afar by an orc priest

Skill      XL: |  1  2  3  4  5  6  7 |
---------------+----------------------+-----
Shields        | 4 5 6 |  6.0
Dodging        | 1 2 |  2.5
Long Blades    | 3 4 5 7 |  7.4
Armour         | 4 5 6 |  6.0
Fighting       | 4 5 |  5.0
Throwing       | |  0.2
Stealth        | |  0.6

Action                   |  1- 3 |  4- 6 |  7- 9 || total
-------------------------+-------+-------+-------++-------
Melee: Long sword        |   115 |   147 |    72 ||   334
       Headbutt          |    19 |    28 |    13 ||    60
Throw: Tomahawk          |       |       |     2 ||     2
  Use: Scroll            |       |     2 |       ||     2
  Eat: Pizza             |       |     1 |       ||     1
       Bread ration      |       |     1 |       ||     1
       Chunk             |       |     1 |       ||     1
       Meat ration       |       |       |     1 ||     1
Armor: Scale mail        |    60 |    43 |    27 ||   130
Dodge: Dodged            |    35 |    49 |    30 ||   114
Block: Shield            |    79 |    73 |    43 ||   195
       Rpst.: Long sword |     7 |    18 |     7 ||    32
